 Dungeon Crawl Stone Soup version 0.30-a0-42-g806c11bf1d (webtiles) character file.

Game seed: 4376128280344045244

86 robertstho the Chiller (level 4, -5/36 HPs)
             Began as a Ghoul Ice Elementalist on Aug 30, 2022.
             Slain by Sigmund
             ... wielding a +5 vampiric scythe
              (11 damage)
             ... on level 3 of the Dungeon.
             The game lasted 00:02:55 (2139 turns).

robertstho the Chiller (Ghoul Ice Elementalist)     Turns: 2139, Time: 00:02:55

Health: -5/36      AC:  2    Str: 11    XL:     4   Next: 50%
Magic:  4/6        EV: 12    Int: 12    God:
Gold:   34         SH:  0    Dex:  9    Spells: 3/7 levels left

rFire   . . .      SeeInvis .      - Unarmed
rCold   + . .      Faith    .    (no shield)
rNeg    + + +      Spirit   .    a - +0 robe
rPois   ∞          Reflect  .    (no helmet)
rElec   .          Harm     .    (no cloak)
rCorr   .          Rampage  .    (no gloves)
Will    .....                    (no boots)
Stlth   ++........               (no amulet)
HPRegen 0.00/turn                (no ring)
MPRegen 0.10/turn                (no ring)

@: freezing walls, inhibited regen
A: claws 1, cold resistance 1, negative energy resistance 3, inhibited
regeneration, torment resistance 2, devour on kill
a: no special abilities


You were on level 3 of the Dungeon.
You visited 1 branch of the dungeon, and saw 3 of its levels.

You collected 124 gold pieces.
You spent 90 gold pieces at shops.

Inventory:

Armour
 a - a +0 robe (worn)
Jewellery
 m - an amulet of guardian spirit
Wands
 n - a wand of flame (6)
Scrolls
 c - 4 scrolls of teleportation {unknown}
 f - 2 scrolls of identify {unknown}
 g - a scroll of poison {unknown}
 j - a scroll of enchant weapon {unknown}
 o - a scroll of fear {unknown}
Potions
 d - a potion of haste {unknown}
 e - a potion of brilliance {unknown}
 h - a potion of heal wounds
 i - 2 potions of flight {unknown}
 k - a potion of degeneration
 l - a potion of curing


   Skills:
 * Level 1.7 Fighting
 + Level 2.0 Dodging
 + Level 2.5 Stealth
 + Level 1.2 Unarmed Combat
 * Level 2.3 Spellcasting
 + Level 5.0 Ice Magic


You had 3 spell levels left.
You knew the following spells:

 Your Spells              Type           Power      Damage    Failure   Level
a - Freeze                Ice            52%        1d7       3%          1
b - Frozen Ramparts       Ice            26%        1d4       10%         3

Your spell library contained the following spells:

 Spells                   Type           Power      Damage    Failure   Level
 Ozocubu's Armour         Ice            13%        N/A       10%         3
 Hailstorm                Conj/Ice       7%         3d4       67%         4


Dungeon Overview and Level Annotations

Branches:
Dungeon (3/15)

Altars:
Vehumet
Yredelemnul

Shops:
D:2 !

Annotations:
D:3 Sigmund


Innate Abilities, Weirdness & Mutations

You are immune to poison.
You have sharp fingernails.
Your flesh is cold resistant. (rC+)
You are immune to negative energy. (rN+++)
You do not regenerate when monsters are visible.
You are immune to unholy pain and torment.
You thrive by killing the living.


Message History

The wall freezes Sigmund.
Sigmund barely misses you.
Unknown command.
You don't have enough magic to cast this spell.
You don't have enough magic to cast this spell.
Unknown command.
Casting: Frozen Ramparts (quite dangerous; 10% risk of failure)
Confirm with . or Enter, or press ? or * to list all spells.
Okay, then.
Magic courses through your body.
The wall freezes Sigmund but does no damage.
Sigmund hits you with a +5 vampiric scythe!
Casting: Frozen Ramparts (quite dangerous; 10% risk of failure)
Confirm with . or Enter, or press ? or * to list all spells.
Aiming: Freeze (safe; 3% risk of failure)
Press: ? - help, Shift-Dir - straight line, f - Sigmund
Aim: Sigmund, wielding a +5 vampiric scythe and wearing a +0 robe (lightly wounded)
You freeze Sigmund.
Sigmund is moderately wounded.
Unknown command.
Casting: Freeze (safe; 3% risk of failure)
Confirm with . or Enter, or press ? or * to list all spells.
Aiming: Freeze (safe; 3% risk of failure)
Press: ? - help, Shift-Dir - straight line, f/p - Sigmund
Aim: Sigmund, wielding a +5 vampiric scythe and wearing a +0 robe (moderately wounded)
You freeze Sigmund.
Sigmund is heavily wounded.
The wall freezes Sigmund.
Sigmund gestures at you while chanting. The puff of flame hits you!
* * * LOW HITPOINT WARNING * * *
Casting: Freeze (safe; 3% risk of failure)
Confirm with . or Enter, or press ? or * to list all spells.
Aiming: Freeze (safe; 3% risk of failure)
Press: ? - help, Shift-Dir - straight line, f/p - Sigmund
Aim: Sigmund, wielding a +5 vampiric scythe and wearing a +0 robe (severely wounded)
You freeze Sigmund.
Sigmund is severely wounded.
The wall freezes Sigmund.
Sigmund hits you with a +5 vampiric scythe!
You die...

#..# .# #..### .#
#####..... .####
#.......##
.#...##.####..# ..
#.#.# #<.# # .#
#..####..#
##.#####@#
#........#
#......@$#
##.†#######
##.##..#..###.#.#
#### #..#.#......#
#...
#..#.####..######.##
#..#..............#
#..######..########
#..# #..# ####
#..######..# #....
#..........##...#


You could see Sigmund.

Vanquished Creatures
  An orc wizard (D:3)
  2 dart slugs
  3 orcs (D:3)
  6 ball pythons
  3 bats
  4 endoplasms
  3 giant cockroaches (D:1)
  4 hobgoblins
  A jackal (D:1)
  3 kobolds
  2 quokkas
  4 frilled lizards
  8 goblins
  5 rats
49 creatures vanquished.

Notes
Turn   | Place    | Note
-------+----------+-------------------------------------------
     0 | D:1      | robertstho the Ghoul Ice Elementalist began the quest for
                  | the Orb.
     0 | D:1      | Reached XP level 1. HP: 14/14 MP: 2/2
     2 | D:1      | Noticed a human
     4 | D:1      | Noticed a vampire
     6 | D:1      | Noticed a naga
     6 | D:1      | Noticed a merfolk
     9 | D:1      | Noticed a demigod
    11 | D:1      | Noticed an elf
    11 | D:1      | Noticed a felid
    13 | D:1      | Noticed a meteoran
    13 | D:1      | Noticed a draconian
    15 | D:1      | Noticed an ogre
    15 | D:1      | Noticed a gargoyle
    17 | D:1      | Noticed a formicid
    17 | D:1      | Noticed a vine stalker
    19 | D:1      | Noticed a palentonga
    19 | D:1      | Noticed a minotaur
    21 | D:1      | Noticed a demonspawn
    21 | D:1      | Noticed a ghoul
    23 | D:1      | Noticed a tengu
    23 | D:1      | Noticed an octopode
    25 | D:1      | Noticed a tengu
    25 | D:1      | Noticed a troll
    28 | D:1      | Noticed an ogre
   227 | D:1      | Found a faded altar of an unknown god.
   227 | D:1      | Noticed a crimson imp
   340 | D:1      | Reached XP level 2. HP: 22/22 MP: 0/3
   407 | D:1      | Found a radiant altar of Vehumet.
  1053 | D:1      | Reached XP level 3. HP: 27/27 MP: 5/5
  1079 | D:1      | Learned a level 3 spell: Frozen Ramparts
  1274 | D:2      | Found a basalt altar of Yredelemnul.
  1413 | D:2      | Reached skill level 1 in Fighting
  1460 | D:2      | Found Hueni's Distillery.
  1469 | D:2      | Bought a potion of degeneration for 10 gold pieces
  1469 | D:2      | Bought a potion of heal wounds for 50 gold pieces
  1469 | D:2      | Bought a potion of curing for 30 gold pieces
  1811 | D:2      | Reached skill level 5 in Ice Magic
  1923 | D:3      | Reached skill level 1 in Unarmed Combat
  1923 | D:3      | Reached XP level 4. HP: 36/36 MP: 0/6
  2123 | D:3      | Noticed Sigmund
  2139 | D:3      | Slain by Sigmund

Illustrated notes

Levels and vault maps discovered:
D:1:      kb_arrival_jail, layout_basic,
          dreamdust_ecumenical_altar_sealed_demon, minmay_hexomino_r4
D:2:      layout_rooms, basic_altar, serial_shops, nicolae_shop_hallway_plus,
          minmay_split_cup_large
D:3:      layout_loops_ring, grunt_qazlal_clouds, uniq_sigmund

Skill      XL: |  1  2  3 |
---------------+----------+-----
Spellcasting   | 2 |  2.3
Fighting       | 1 |  1.7
Ice Magic      | 5 |  5.0
Dodging        | 2 |  2.0
Unarmed Combat | 1 |  1.2
Stealth        | |  2.5

Action                   |  1- 3 |  4- 6 || total
-------------------------+-------+-------++-------
Melee: Unarmed           |    90 |    10 ||   100
       Punch             |       |     1 ||     1
 Cast: Freeze            |    26 |     3 ||    29
       Frozen Ramparts   |     3 |     2 ||     5
  Use: Potion            |       |     2 ||     2
 Stab: Sleeping          |     1 |       ||     1
Armor: Robe              |    17 |     3 ||    20
Dodge: Dodged            |    84 |     7 ||    91

Table legend: (Time is in decaauts)
 A = Elapsed time spent in this place.
 B = Non-inter-level travel time spent in this place.
 C = Inter-level travel time spent in this place.
 D = Time resting spent in this place.
 E = Time spent auto-exploring this place.
 F = Levels seen in this place.
 G = Mean time per level.
                   A        B        C        D        E       F      G
               +--------+--------+--------+--------+--------+-----+--------+
         Total |   2138 |   2074 |     64 |      0 |   1740 |   3 |  712.7 |
       Dungeon |   2138 |   2074 |     64 |      0 |   1740 |   3 |  712.7 |
               +--------+--------+--------+--------+--------+-----+--------+

Top non-repeatable levels by time:
     D:1: 1149 daAuts
     D:2: 762 daAuts
     D:3: 226 daAuts
